Map: [ESL] Gresvan

Players

PiG

  • Race: Zerg Zerg
  • League: Grandmaster
  • Spawn Location: 5:00

ChosBro - Winner!

  • Race: Terran Terran
  • League: Grandmaster
  • Spawn Location: 11:00

VOD

https://www.youtube.com/watch?v=5nYtG3lV0pI&list=PLOrKQEirgvjD0h2N70b__CNnBkypGp0oz&index=8

Description

PiG: "In this B2GM episode, we are playing against players Masters 2 to Grandmasters!"

Time

  • Played on: May 16, 2023, 5:06 p.m.
  • Length: 34:56
Show
View Real Time Build Order
Export as new Build Order

PiG Zerg 

Build Orders: Hatch First 

Get SALT Encoding   

  12  0:01  Drone  
  13  0:14  Overlord  
  13  0:18  Drone  
  14  0:32  Drone x2  
  16  0:49  Hatchery  
  15  0:53  Drone  
  15  0:55  Drone  
  17  0:58  Drone  
  18  1:10  Extractor  
  17  1:14  Spawning Pool  
  17  1:17  Drone  
  17  1:20  Drone  
  18  1:30  Drone  
  19  1:42  Drone  
  20  1:52  Overlord  
  20  2:02  Queen x2  
  20  2:03  Zergling x4  
  26  2:12  Drone  
  27  2:18  Drone  
  28  2:23  Drone  
  29  2:31  Drone  
  29  2:36  Drone x2  
  32  2:37  Hatchery  
  32  2:42  Queen  
  33  2:50  Overlord  
  33  2:52  Metabolic Boost  
  33  3:02  Drone x3  
  36  3:09  Overlord  
  36  3:17  Drone x6  
  42  3:25  Overlord  
  42  3:27  Overlord  
  42  3:41  Drone  
  43  3:43  Queen x2  
  43  3:48  Drone  
  48  3:49  Queen  
  50  3:58  Drone x3  
  50  3:59  Drone x2  
  50  4:00  Zergling x10  
  60  4:09  Overlord x2  
  60  4:10  Overlord  
  60  4:19  Queen  
  62  4:28  Queen  
  64  4:33  Drone x9  
  73  4:46  Queen  
  73  4:49  Spore Crawler  
  73  4:50  Spore Crawler x2  
  72  4:58  Lair  
  70  5:09  Overlord x2  
  70  5:10  Drone x2  
  70  5:13  Drone x4  
  70  5:14  Drone x4, Extractor  
  80  5:15  Baneling Nest  
  78  5:21  Zergling x8  
  78  5:22  Zergling x2  
  83  5:35  Overlord  
  83  5:38  Drone x4  
  83  5:39  Drone  
  83  5:42  Extractor x2  
  86  5:43  Extractor x2  
  84  5:51  Hatchery  
  84  5:56  Overseer, Hatchery  
  82  5:58  Drone x3  
  82  5:59  Drone x2  
  86  6:06  Centrifugal Hooks  
  86  6:16  Evolution Chamber  
  86  6:17  Hatchery, Evolution Chamber  
  83  6:19  Hatchery  
  83  6:22  Zergling x16  
  83  6:23  Overlord  
  83  6:24  Drone  
  88  6:37  Overseer  
  86  6:45  Drone x3  
  86  6:46  Drone x2  
  92  6:47  Drone x3, Hatchery  
  93  7:04  Zerg Melee Weapons Level 1, Zerg Ground Armor Level 1  
  93  7:08  Infestation Pit, Drone x2  
  92  7:09  Drone x4  
  98  7:16  Baneling x2  
  98  7:17  Baneling x5  
  98  7:18  Baneling x2  
  98  7:19  Zergling x26  
  111  7:30  Overlord x4  
  111  7:31  Overlord  
  111  7:41  Zergling x18  
  111  7:43  Overlord x3  
  120  7:50  Zergling x6  
  120  7:51  Zergling x6  
  119  8:09  Zergling x20  
  119  8:10  Zergling x6  
  119  8:12  Baneling x6  
  120  8:13  Baneling  
  120  8:18  Zergling x8  
  120  8:19  Zergling x10  
  127  8:31  Zergling x18  
  127  8:33  Baneling x9  
  135  8:47  Zergling x12  
  141  8:49  Hatchery  
  132  9:05  Baneling  
  132  9:06  Baneling x19  
  131  9:14  Infestor  
  131  9:15  Infestor x2  
  137  9:19  Hatchery  
  136  9:27  Zergling x16, Infestor  
  136  9:31  Zergling x4  
  144  9:43  Pneumatized Carapace  
  144  9:45  Zerg Ground Armor Level 2  
  144  9:46  Zerg Melee Weapons Level 2  
  144  9:54  Drone x9  
  151  10:14  Zergling x30  
  131  10:29  Drone x2  
  131  10:30  Drone x4  
  131  10:35  Baneling x4  
  133  10:39  Overlord  
  132  10:43  Zergling x32  
  143  11:10  Baneling  
  143  11:11  Baneling x17  
  143  11:12  Baneling x4  
  143  11:20  Hive  
  143  11:22  Spire  
  141  11:32  Zergling x24  
  149  11:43  Hatchery  
  147  11:56  Drone x3  
  147  11:57  Extractor x2  
  147  11:59  Drone x4  
  147  12:00  Drone x3  
  147  12:01  Drone x3  
  158  12:16  Hatchery  
  158  12:18  Burrow  
  157  12:26  Drone x3, Spore Crawler x2  
  157  12:27  Spore Crawler  
  157  12:28  Drone  
  157  12:29  Spore Crawler  
  157  12:30  Spine Crawler x2  
  155  12:48  Zerg Ground Armor Level 3, Zerg Melee Weapons Level 3  
  155  12:49  Adrenal Glands  
  154  12:51  Ultralisk Cavern  
  153  13:10  Greater Spire, Corruptor x4  
  153  13:12  Corruptor  
  161  13:14  Zergling x42  
  184  13:23  Spore Crawler  
  184  13:24  Spore Crawler  
  182  13:27  Spore Crawler  
  180  13:38  Chitinous Plating  
  180  13:40  Ultralisk x5  
  189  14:13  Drone x3, Spore Crawler x2, Spine Crawler  
  189  14:14  Spine Crawler  
  189  14:15  Spine Crawler  
  185  14:27  Brood Lord x5  
  178  14:48  Zerg Flyer Weapons Level 1  
  178  14:52  Corruptor x8  
  178  14:57  Anabolic Synthesis  
  194  15:07  Extractor  
  194  15:08  Extractor  
  183  15:39  Brood Lord x8  
  199  16:10  Overseer x2  
  199  16:12  Hatchery  
  198  16:43  Zerg Flyer Armor Level 1  
  198  16:46  Corruptor  
  171  17:24  Overlord x2  
  171  17:25  Overseer x2  
  170  17:36  Baneling x5  
  170  17:40  Brood Lord  
  160  17:55  Infestor x2  
  154  18:19  Infestor x2  
  156  18:24  Infestor x3  
  160  18:44  Zerg Missile Weapons Level 1  
  160  18:45  Hatchery  
  160  18:46  Extractor  
  160  18:48  Extractor  
  157  18:50  Extractor  
  157  18:53  Extractor  
  155  19:10  Infestor x3  
  155  19:12  Corruptor x4  
  155  19:13  Corruptor  
  155  19:14  Zergling x52  
  176  19:42  Baneling x19  
  176  19:46  Brood Lord x5  
  176  19:48  Zergling x8  
  176  20:01  Ultralisk  
  176  20:02  Zergling x14  
  175  20:12  Hydralisk Den  
  175  20:13  Viper  
  169  20:14  Viper  
  172  20:24  Drone x6  
  172  20:25  Drone  
  172  20:26  Drone x3  
  172  20:28  Drone x3  
  180  20:29  Drone x2  
  180  20:30  Drone, Extractor  
  180  20:31  Drone x3  
  186  20:37  Hatchery, Extractor  
  186  20:38  Drone x2  
  186  20:39  Drone  
  186  20:41  Zergling x2  
  187  21:16  Baneling x19  
  181  21:36  Zerg Flyer Weapons Level 2, Overlord x2  
  181  21:37  Zerg Missile Weapons Level 2  
  181  21:42  Drone x3  
  181  21:43  Overlord x2  
  181  21:44  Zergling x6  
  181  21:45  Overseer, Overlord  
  181  21:46  Overseer  
  187  21:47  Overlord  
  187  21:48  Overseer x4  
  187  21:49  Overseer  
  187  22:00  Grooved Spines  
  162  22:16  Infestor x10  
  162  22:17  Zergling x50  
  162  22:20  Overlord x4  
  175  22:35  Zergling x36  
  185  22:50  Baneling x23  
  183  22:57  Ultralisk x2  
  183  22:58  Baneling x25, Muscular Augments  
  193  22:59  Baneling x2  
  193  23:04  Spore Crawler  
  181  23:12  Hatchery  
  178  23:19  Hatchery  
  134  23:52  Zerg Flyer Armor Level 2  
  134  23:53  Neural Parasite  
  104  24:00  Zergling x20, Hydralisk x14  
  110  24:21  Hydralisk x9  
  110  24:23  Zergling x10  
  120  24:32  Zergling x2  
  121  24:53  Spore Crawler  
  121  24:55  Drone x2  
  121  24:56  Drone, Spine Crawler  
  122  25:06  Viper  
  122  25:07  Viper  
  122  25:09  Zergling x28  
  122  25:11  Baneling x19  
  139  25:22  Spore Crawler  
  139  25:45  Overlord x4  
  139  25:46  Hatchery  
  130  26:18  Extractor  
  129  26:29  Zergling x34  
  129  26:30  Zergling x2  
  145  26:49  Zergling x12  
  142  27:10  Infestor  
  141  27:32  Infestor x2  
  141  27:34  Hydralisk x11  
  167  27:41  Overseer x4  
  165  27:54  Infestor  
  165  28:00  Zergling x30  
  88  28:36  Extractor x2  
  86  28:43  Drone  
  86  28:44  Drone x3  
  86  28:45  Drone x8  
  86  28:46  Drone x2  
  96  29:04  Infestor  
  96  29:05  Hatchery, Infestor x3  
  96  29:06  Viper  
  96  29:07  Viper  
  109  29:10  Hydralisk x4  
  117  29:18  Zergling x26  
  117  29:19  Zergling x2  
  111  29:50  Hydralisk x4  
  111  29:51  Zergling x22  
  127  30:10  Drone x3  
  127  30:11  Drone x3, Hatchery  
  132  30:19  Overlord  
  132  30:20  Overseer  
  132  30:23  Hatchery  
  131  30:29  Baneling x4  
  131  30:30  Baneling x24  
  131  30:38  Zergling x34  
  131  30:39  Zergling x12  
  154  31:06  Hydralisk x3  
  154  31:07  Zergling x2, Hydralisk  
  154  31:08  Zergling x22  
  154  31:10  Hydralisk  
  176  31:18  Zerg Missile Weapons Level 3  
  160  31:56  Baneling x7  
  160  31:57  Zergling x48  
  146  32:19  Ultralisk, Hydralisk  
  146  32:20  Zergling x28  
  123  32:30  Infestor x4  
  123  32:31  Infestor  
  121  32:37  Hydralisk x7  
  121  32:39  Baneling x10  
  121  32:40  Baneling x12  
  137  32:49  Hatchery  
  120  33:08  Hydralisk x5  
  120  33:09  Hydralisk x4  
  134  33:19  Infestor  
  117  33:38  Zergling x16  
  113  34:02  Zergling x14  
  113  34:12  Baneling x3  
  94  34:38  Zergling x18  
Show
View Real Time Build Order
Export as new Build Order

ChosBro Terran - Winner!

Build Orders: Reaper Expand, Hellion Banshee 

Get SALT Encoding   

  12  0:00  SCV  
  13  0:12  SCV  
  14  0:17  Supply Depot  
  14  0:25  SCV  
  15  0:40  SCV  
  15  0:41  Barracks  
  16  0:44  Refinery  
  16  0:52  SCV  
  17  1:04  SCV  
  18  1:17  SCV  
  19  1:29  Orbital Command, Reaper  
  20  1:40  Command Center  
  20  1:49  Supply Depot  
  20  1:56  SCV  
  20  2:01  Marine  
  22  2:08  SCV  
  22  2:11  Factory  
  23  2:21  SCV  
  24  2:23  Barracks Reactor  
  24  2:39  Command Center  
  24  2:40  SCV  
  25  2:52  SCV  
  25  2:53  Orbital Command  
  26  3:02  Starport  
  26  3:05  Refinery  
  26  3:11  Hellion  
  28  3:13  SCV  
  28  3:17  Hellion  
  31  3:20  SCV  
  31  3:25  SCV  
  33  3:27  Barracks Tech Lab  
  33  3:33  SCV, Hellion  
  36  3:39  Hellion  
  38  3:50  SCV  
  38  3:51  Orbital Command  
  38  3:53  Banshee  
  38  3:54  Hellion  
  44  3:56  SCV  
  44  4:00  Hellion  
  44  4:02  SCV  
  48  4:08  SCV  
  49  4:10  Cloaking Field  
  49  4:11  Barracks Tech Lab  
  49  4:14  SCV  
  52  4:20  SCV x2  
  54  4:26  Supply Depot  
  54  4:27  SCV  
  54  4:30  Barracks x2  
  53  4:32  SCV x2  
  53  4:36  Factory Reactor, Banshee  
  58  4:41  SCV, Refinery  
  59  4:47  Supply Depot  
  59  4:51  SCV  
  60  4:55  Orbital Command  
  60  4:58  SCV  
  61  5:01  Supply Depot, Engineering Bay  
  61  5:02  Engineering Bay  
  61  5:03  SCV, Stimpack  
  62  5:10  SCV  
  63  5:15  SCV  
  63  5:20  Barracks  
  64  5:21  Barracks  
  64  5:22  SCV  
  64  5:24  SCV  
  64  5:26  Marine x3  
  69  5:28  SCV  
  69  5:31  Marine x2  
  69  5:34  Terran Infantry Weapons Level 1, Terran Infantry Armor Level 1  
  72  5:36  SCV x2  
  72  5:38  Starport Reactor  
  72  5:40  SCV  
  75  5:43  Marine x2  
  75  5:44  Marine  
  75  5:47  Siege Tank  
  75  5:48  SCV  
  82  5:50  Supply Depot  
  82  5:54  Marine x2  
  82  5:56  SCV  
  85  5:58  Supply Depot  
  85  6:01  Supply Depot  
  85  6:12  SCV x3, Marine x4  
  85  6:16  Barracks Reactor x2, Armory  
  85  6:18  Marine  
  92  6:19  Supply Depot  
  92  6:22  Refinery  
  93  6:29  Marine  
  93  6:30  Marine  
  93  6:32  Marine  
  85  6:34  Marine  
  85  6:35  SCV x2  
  85  6:36  Marine  
  85  6:37  Medivac x2  
  87  6:42  Refinery  
  87  6:44  SCV  
  86  6:47  SCV, Marine  
  86  6:50  Combat Shield  
  86  6:54  Command Center, Marine x2  
  88  6:55  Refinery  
  88  6:56  Marine x2  
  88  7:00  Marine x4  
  96  7:02  SCV x3  
  96  7:05  Marine  
  100  7:14  SCV x2  
  102  7:17  Marine x4  
  102  7:18  Siege Tank  
  109  7:24  Marine x2, Factory  
  109  7:26  SCV  
  109  7:29  Marine  
  112  7:30  Marine  
  112  7:32  Marine  
  112  7:34  Medivac  
  117  7:38  Supply Depot  
  117  7:42  Supply Depot  
  117  7:43  Sensor Tower  
  117  7:53  Terran Infantry Weapons Level 2  
  117  7:55  Terran Infantry Armor Level 2  
  117  7:59  SCV x3, Marine, Medivac  
  117  8:02  Supply Depot  
  117  8:04  Supply Depot  
  117  8:05  Barracks  
  123  8:06  Barracks  
  123  8:07  Barracks  
  123  8:09  Marine x8  
  123  8:10  Medivac  
  123  8:11  SCV  
  134  8:13  Supply Depot  
  134  8:17  Marine  
  135  8:26  Marine  
  131  8:30  Marine x7  
  131  8:31  Siege Tank  
  142  8:35  SCV, Marine  
  142  8:41  SCV x2  
  146  8:44  Marine  
  146  8:45  Missile Turret  
  146  8:47  Marine  
  146  8:48  Marine x2  
  150  8:49  Marine x3  
  150  8:51  Marine  
  150  8:52  Marine  
  152  9:02  Marine  
  152  9:05  Marine  
  152  9:06  Marine x3  
  152  9:07  Marine x2  
  152  9:09  Marauder  
  158  9:10  SCV x4  
  158  9:11  Barracks Tech Lab  
  158  9:12  Factory Reactor, Barracks Tech Lab x2  
  158  9:16  Medivac x2  
  166  9:18  Siege Tank  
  169  9:28  Marine x3  
  172  9:33  Marine  
  172  9:34  Marauder  
  158  9:41  Marine x2  
  158  9:42  SCV x3  
  163  9:50  Siege Tank  
  163  9:52  Widow Mine x2  
  170  9:54  SCV x2  
  170  9:56  Terran Vehicle Weapons Level 1  
  170  9:58  Supply Depot x2  
  172  10:10  Supply Depot  
  172  10:11  Marine x2  
  172  10:12  Marine  
  172  10:14  SCV  
  172  10:17  Terran Infantry Armor Level 3, Terran Infantry Weapons Level 3  
  172  10:18  SCV x2, Marauder, Supply Depot, Marine  
  172  10:19  Widow Mine  
  155  10:28  Command Center  
  155  10:29  Marine x3  
  155  10:35  Marine x4  
  161  10:36  Widow Mine x2  
  161  10:38  SCV x3  
  161  10:40  Marauder  
  168  10:50  Marine  
  168  10:51  SCV  
  168  10:52  Marine x3  
  168  10:56  Marauder x2, Marine  
  177  10:57  Marine  
  177  11:01  Marauder  
  177  11:03  Marine  
  177  11:04  Marauder, Marine  
  183  11:05  Widow Mine  
  186  11:12  Ghost Academy, Marine  
  187  11:19  Marauder, Marine  
  187  11:23  Marauder, Marine  
  192  11:27  Marine  
  192  11:28  Marauder, Marine  
  179  11:40  Siege Tank  
  179  11:42  Widow Mine x2  
  183  11:54  Refinery, Planetary Fortress  
  176  12:05  Command Center  
  176  12:10  Marine  
  176  12:11  Marauder  
  176  12:12  Siege Tank  
  182  12:25  Sensor Tower  
  182  12:27  Engineering Bay  
  182  12:28  Sensor Tower  
  182  12:29  Command Center  
  182  12:32  SCV  
  182  12:36  SCV x2  
  185  12:37  Missile Turret  
  185  12:44  Missile Turret  
  185  12:48  Marine x2  
  185  12:49  Marauder, Siege Tank  
  192  12:58  Personal Cloaking  
  192  12:59  Ghost x3  
  198  13:10  Ghost  
  200  13:14  Hi-Sec Auto Tracking  
  200  13:15  Neosteel Armor  
  200  13:19  Factory  
  200  13:22  Missile Turret  
  200  13:23  Supply Depot, Missile Turret  
  200  13:24  Supply Depot  
  200  13:25  Supply Depot  
  200  13:28  Refinery  
  200  13:37  Ghost  
  200  13:38  Ghost  
  198  13:42  Hellion  
  190  13:52  Orbital Command  
  190  13:54  Terran Vehicle Weapons Level 2  
  188  13:58  Armory, Factory  
  188  14:01  Missile Turret  
  188  14:03  Refinery  
  188  14:04  Refinery  
  188  14:05  Missile Turret  
  188  14:07  Missile Turret  
  188  14:09  Thor  
  194  14:12  Viking x2  
  198  14:22  Factory Tech Lab  
  187  14:43  Ghost  
  187  14:44  Thor  
  187  14:45  Planetary Fortress  
  194  14:48  Infernal Pre-Igniter  
  194  14:51  Hellion x2  
  198  15:06  Ghost, Missile Turret  
  198  15:36  Command Center, Supply Depot  
  198  15:38  Command Center  
  198  15:41  Command Center  
  198  15:50  SCV x2  
  200  15:58  Factory Tech Lab  
  200  16:04  Factory Tech Lab  
  189  16:45  Ghost x2  
  184  17:03  Ghost x2  
  184  17:04  Thor x2  
  193  17:21  Thor  
  190  17:27  Ghost x2  
  192  17:31  Hellion  
  192  17:32  Hellion  
  189  17:44  SCV x3  
  189  17:45  SCV x2  
  189  17:47  Thor  
  189  17:48  Hellion  
  191  17:53  Hellion  
  191  17:56  Viking, SCV x3, Liberator  
  191  17:57  SCV x2  
  191  18:09  Thor  
  188  18:16  Thor  
  188  18:17  Terran Vehicle And Ship Armor Level 1, Terran Vehicle Weapons Level 3  
  188  18:21  SCV x3  
  188  18:25  Command Center, Orbital Command  
  191  18:30  Thor  
  191  18:31  Command Center x2  
  195  18:39  Nuke  
  191  18:42  Planetary Fortress  
  191  18:52  Thor  
  191  18:53  Hellion x3  
  191  18:54  Missile Turret  
  197  18:56  Missile Turret  
  197  18:57  Hellion  
  197  18:59  Missile Turret  
  197  19:01  Command Center  
  197  19:02  Missile Turret  
  188  19:34  SCV  
  189  19:40  Thor  
  167  20:05  Thor x2  
  171  20:08  Liberator x2, Hellion x2  
  181  20:16  Refinery  
  181  20:17  Refinery  
  181  20:18  Ghost x4  
  189  20:23  Thor  
  195  20:29  Hellion x2  
  195  20:31  Missile Turret x2  
  195  20:32  Missile Turret  
  195  20:33  Terran Vehicle And Ship Armor Level 2  
  195  20:35  Nuke  
  195  21:03  Ghost x2  
  199  21:09  Thor  
  194  21:43  Ghost x3  
  178  22:12  Ghost  
  178  22:13  Ghost  
  182  22:24  Hellion x4  
  182  22:28  Ghost x2  
  193  22:41  Thor  
  195  23:11  Hellion  
  194  23:14  Hellion x3  
  200  23:21  Planetary Fortress  
  178  23:53  Thor x3  
  154  24:11  Marauder x3, Marine x2  
  154  24:12  Marauder  
  154  24:13  Hellion x2  
  154  24:14  Medivac x2  
  168  24:32  Ghost x2  
  168  24:34  Hellion  
  168  24:35  Thor  
  168  24:36  Thor x2  
  192  24:47  Ghost  
  192  24:49  Refinery  
  192  24:50  Marauder, Marine x4  
  197  24:56  Refinery  
  197  25:01  Marauder  
  196  25:47  Siege Tank  
  195  26:16  Command Center  
  195  26:18  Command Center  
  195  26:20  Command Center  
  195  26:22  Command Center  
  195  26:27  Hellion x4  
  195  26:54  Orbital Command  
  195  26:55  Orbital Command  
  195  27:04  Siege Tank  
  198  27:30  Planetary Fortress  
  198  27:32  Orbital Command x2  
  198  27:33  Orbital Command  
  133  28:31  Thor  
  133  28:33  Marauder, Marine x4  
  133  28:34  Marauder x2, Marine  
  94  28:35  Hellion x2  
  94  28:37  Medivac x2  
  94  28:40  Factory Tech Lab  
  102  28:43  Ghost  
  104  28:50  Factory  
  104  28:53  Factory  
  104  28:54  Ghost x2  
  104  28:55  Ghost  
  108  28:56  Hellion  
  108  29:02  Refinery, Thor  
  114  29:06  Marine x4  
  114  29:08  Hellion  
  120  29:12  Marauder  
  120  29:14  Thor  
  128  29:18  Hellion  
  128  29:23  Marauder, Ghost, Marine x2  
  136  29:25  Terran Vehicle And Ship Armor Level 3  
  136  29:30  Hellion  
  136  29:37  Marine x2  
  136  29:38  Marauder x2, Marine, Medivac  
  142  29:39  Hellion, Medivac  
  142  29:45  Siege Tank  
  144  29:49  Marine x2  
  144  29:50  Marauder  
  142  29:54  Factory Tech Lab  
  142  29:55  Factory Tech Lab  
  142  29:57  Thor  
  148  30:08  Hellion x2  
  148  30:09  Ghost x2  
  156  30:17  Thor  
  156  30:18  Orbital Command  
  156  30:19  Missile Turret  
  162  30:21  Missile Turret  
  162  30:23  Siege Tank x2  
  162  30:24  Refinery  
  167  30:30  Hellion  
  169  30:44  Marine x2  
  169  30:45  Marauder  
  173  30:51  Siege Tank, Marine  
  173  30:56  Siege Tank  
  179  31:23  Siege Tank x2  
  179  31:24  Siege Tank  
  188  31:28  Siege Tank  
  186  31:55  Siege Tank x2  
  186  31:56  Siege Tank  
  186  31:58  Sensor Tower  
  186  32:00  Siege Tank  
  198  32:06  Ghost  
  162  32:23  Marine x3  
  161  32:34  Ghost x2  
  165  32:39  Hellion  
  165  32:40  Hellion x4  
  158  33:19  Ghost x2  
  135  34:00  Marine x2  
  133  34:15  Marine  
  128  34:32  Marine x2  
Tags
 
Add a new tag
Caveats
  • Supply blocks, unpowered buildings, or Contaminate may cause inaccurate times.
  • Supply counts are checked every 10 seconds.